 Dungeon Crawl Stone Soup version 0.20-a0-1122-gb7cbeb9 (webtiles) character file.

16755 MenacingMecha the Martial Artist (level 12, -2/91 HPs)
             Began as a Demonspawn Gladiator on May 10, 2017.
             Was a Priest of Ashenzari.
             Slain by a skeletal warrior
             ... wielding a +0 trident
             ... led by a skeletal warrior
              (5 damage)
             ... on level 9 of the Dungeon.
             The game lasted 00:59:07 (16375 turns).

MenacingMecha the Martial Artist (DsGl)            Turns: 16375, Time: 00:59:07

Health: -2/91      AC: 11    Str: 22    XL:     12   Next: 12%
Magic:  12/12      EV: 22    Int: 10    God:    Ashenzari [***...]
Gold:   625        SH:  6    Dex: 22    Spells: 9/11 levels left

rFire    . . .     SeeInvis +   d - +5 rapier (elec) (curse)
rCold    . . .     Gourm    .   w - +0 buckler (curse)
rNeg     . . .     Faith    .   I - +0 ring mail {rPois} {rPois}
rPois    +         Spirit   .   c - +1 hat
rElec    .         Reflect  .   v - +1 cloak (curse)
rCorr    .         Harm     .   u - +1 pair of gloves (curse)
MR       ++...                  (no boots)
Stlth    ++........             (no amulet)
Regen    0.3/turn               r - ring of protection from magic (curse) {MR+}
MPRegen  0.2/turn               k - ring of protection from magic {MR+}

@: mighty, agile
A: antennae 2, claws 1, talons 2, powered by death 1, powered by pain 2
a: Curse Item, Scrying, Renounce Religion


You were on level 9 of the Dungeon.
You worshipped Ashenzari.
Ashenzari was most pleased with you.
You were not hungry.

You visited 3 branches of the dungeon, and saw 14 of its levels.
You also visited: Ice Cave.

You collected 625 gold pieces.

Inventory:

Hand Weapons
 d - a cursed +5 rapier of electrocution (weapon)
   (You took it off Eustachio on level 5 of the Dungeon)
Missiles
 t - 21 tomahawks (quivered)
 A - 2 javelins
Armour
 c - a +1 hat (worn)
   (You took it off Gastronok on level 3 of the Lair of Beasts)
 u - a cursed +1 pair of gloves (worn)
   (You found it on level 3 of the Dungeon)
 v - a cursed +1 cloak (worn)
   (You found it on level 3 of the Dungeon)
 w - a cursed +0 buckler (worn)
   (You found it on level 3 of the Dungeon)
 I - a +0 ring mail of poison resistance (worn) {rPois}
   (You found it on level 7 of the Dungeon)
Jewellery
 k - a ring of protection from magic (right hand) {MR+}
   (You found it on level 2 of the Dungeon)
 r - a cursed ring of protection from magic (left hand) {MR+}
   (You found it on level 2 of the Dungeon)
 T - an uncursed ring of stealth {Stlth+}
   (You took it off a centaur on level 8 of the Dungeon)
Wands
 a - a wand of digging (13/24)
   (You found it on level 3 of the Lair of Beasts)
 h - a wand of lightning (3/15)
   (You found it on level 2 of the Dungeon)
 p - a wand of acid (15/15)
   (You found it on level 2 of the Dungeon)
 z - a wand of digging (10/24)
   (You took it off Jessica on level 3 of the Dungeon)
 B - a wand of acid (4/15)
   (You found it on level 2 of the Lair of Beasts)
 C - a wand of flame (10/48)
   (You found it on level 6 of the Dungeon)
 K - a wand of iceblast (4/15)
   (You took it off an orc wizard on level 7 of the Dungeon)
 X - a wand of scattershot (4/9)
   (You found it on level 9 of the Dungeon)
Scrolls
 l - 2 scrolls of remove curse
 q - 3 scrolls of identify
 x - 3 scrolls of teleportation
 G - a scroll of blinking
 H - a scroll of magic mapping
 Y - a scroll of recharging
Potions
 j - 4 potions of curing
 o - 3 potions of flight
 s - a potion of haste
 E - a potion of agility
 L - a potion of ambrosia
 S - a potion of might
Miscellaneous
 e - a phantom mirror
Comestibles
 b - 8 chunks of flesh
 f - 2 fruits
 g - 12 royal jellies


   Skills:
 - Level 7.0 Fighting
 + Level 5.4(10.3) Short Blades
   Level 9.7(10.3) Long Blades
 - Level 1.7 Throwing
 - Level 3.3 Armour
 - Level 7.1 Dodging
 - Level 4.0(5.7) Shields
 - Level 10.4 Unarmed Combat


You had 9 spell levels left.
You knew the following spells:

 Your Spells              Type           Power        Failure   Level  Hunger
b - Blink                 Tloc           N/A          65%         2    ###....


Dungeon Overview and Level Annotations

Branches:
Dungeon (10/15)            Temple (1/1) D:5            Lair (3/6) D:9
  Swamp (0/4) Lair:2        Snake (0/4) Lair:3          Orc (0/2) D:9

Altars:
Ashenzari
Cheibriados
Dithmenos
Elyvilon
Fedhas
Gozag
Hepliaklqana
Kikubaaqudgha
Makhleb
Nemelex Xobeh
Okawaru
Qazlal
Ru
Sif Muna
Trog
Uskayaw
Vehumet
Wu Jian
Xom
Yredelemnul
Zin
The Shining One

Annotations:
D:9 skeleton warriors
Lair:2 stash


Innate Abilities, Weirdness & Mutations

You have a pair of antennae on your head.
You have sharp fingernails.
You have razor-sharp toenails.
You regenerate a little health from kills.
You sometimes gain power by taking damage.


Message History

You butcher the yak corpse.
b - 7 chunks of flesh (gained 2)
Things that are here:
a yak skeleton; a yak corpse You butcher the yak corpse.
b - 12 chunks of flesh (gained 5)
You see here a yak skeleton.
You start resting.
HP restored.
There is an open door here.
You are mighty.
Your movement speed is average.
Your attack speed is quite fast.
Your base attributes are Str 17, Int 10, Dex 17.
(D) Dungeon (T) Temple (L) Lair (S) Swamp (P) Snake Pit (O) Orcish Mines
Where to? (* - list waypoints, Enter - Orc:1, ? - help)
There is an open door here.
You see here a yak skeleton.
There is an open door here.
There is a stone staircase leading up here.
You climb upwards.
Level annotation: skeleton warriors
There is a stone staircase leading down here.
A skeletal warrior comes into view. It is wielding a scimitar.
You feel a little less mighty now.
There is an open door here.
Some of the chunks of flesh in your inventory have rotted away.
Your ring mail prevents you from hitting the skeletal warrior.
Your kick misses the skeletal warrior.
The skeletal warrior hits you with a scimitar!!
You focus on the pain.
You feel agile all of a sudden.
You hit the skeletal warrior.
Lightning courses through the skeletal warrior!
You claw the skeletal warrior, but do no damage.
The skeletal warrior is moderately damaged.
You puncture the skeletal warrior!
You claw the skeletal warrior, but do no damage.
The skeletal warrior is moderately damaged.
The skeletal warrior hits you with a scimitar!!
You hit the skeletal warrior.
Lightning courses through the skeletal warrior!
The skeletal warrior is heavily damaged.
The skeletal warrior hits you but does no damage.
You hit the skeletal warrior but do no damage.
Lightning courses through the skeletal warrior!
You claw the skeletal warrior, but do no damage.
The skeletal warrior is severely damaged.
You hit the skeletal warrior. Your kick misses the skeletal warrior.
The skeletal warrior is severely damaged.
The skeletal warrior hits you with a scimitar!
You focus on the pain.
You feel more agile all of a sudden.
You hit the skeletal warrior.
Lightning courses through the skeletal warrior!
You destroy the skeletal warrior!
Your base Short Blades skill increases to level 5!
Okay, then.
You feel very mighty all of a sudden.
The skeletal warrior hits you with a short sword.
You puncture the skeletal warrior!
Lightning courses through the skeletal warrior!
You claw the skeletal warrior.
The skeletal warrior is heavily damaged.
You block the skeletal warrior's attack.
You hit the skeletal warrior but do no damage.
You claw the skeletal warrior, but do no damage.
The skeletal warrior is heavily damaged.
You impale the skeletal warrior!!
You claw the skeletal warrior, but do no damage.
The skeletal warrior is severely damaged.
The skeletal warrior closely misses you.
You puncture the skeletal warrior!
The skeletal warrior is almost destroyed.
The skeletal warrior hits you with a short sword!
* * * LOW HITPOINT WARNING * * *
You hit the skeletal warrior.
Lightning courses through the skeletal warrior!
You destroy the skeletal warrior!
You hit the skeletal warrior.
Lightning courses through the skeletal warrior!
Your kick misses the skeletal warrior.
The skeletal warrior is moderately damaged.
The skeletal warrior completely misses you.
You hit the skeletal warrior but do no damage.
You claw the skeletal warrior, but do no damage.
The skeletal warrior is moderately damaged.
The skeletal warrior hits you from afar with a trident.
* * * LOW HITPOINT WARNING * * *
You hit the skeletal warrior. You claw the skeletal warrior.
The skeletal warrior is heavily damaged.
The skeletal warrior hits you with an enchanted morningstar!
* * * LOW HITPOINT WARNING * * *
You feel better. The skeletal warrior barely misses you.
The skeletal warrior hits you from afar with a trident!
* * * LOW HITPOINT WARNING * * *
There is a stone staircase leading up, spattered with blood here.
The skeletal warrior hits you from afar with a trident.
You die...

.....# ##...# #z.##### #..###
#...## #..8...> #.###
##.#.########## #..#####
....####.............### #z......
.........#....(........## #....+..
....###..#..........z#..####......#
....# ##.#.........z.##...##......#
....# #.#...........####..)......#
....# #.#.......@...# ####......#
....# #........>....# ########
....# ###...........# #####
############


You could see 2 skeletal warriors.

Vanquished Creatures
  Gastronok (Lair:3)
  A two-headed ogre (D:8)
  2 skeletal warriors (D:9)
  Pikel (D:5)
  A black mamba (Lair:3)
  3 spiny frogs
  A komodo dragon (Lair:2)
  An ice devil (IceCv)
  A rime drake (Lair:3)
  Grinder (D:3)
  Prince Ribbit (D:5)
  3 hippogriffs
  12 yaks
  Eustachio (D:5)
  3 hogs (D:8)
  A human (D:8)
  4 vampire mosquitoes (Lair:2)
  2 hungry ghosts
  5 nagas (Lair:3)
  7 water moccasins
  2 orc warriors
  4 porcupines
  A hornet zombie (D:8)
  A sky beast (D:6)
  A phantom (D:10)
  A black bear (D:10)
  A necrophage (D:6)
  5 ogres
  4 wolves (Lair:2)
  3 ice beasts
  5 centaurs
  8 crocodiles
  4 big kobolds
  9 bullfrogs
  A wyvern zombie (D:10)
  A gnoll sergeant (D:7)
  3 scorpions
  A howler monkey (D:9)
  3 bullfrog zombies
  10 crimson imps
  A centaur skeleton (D:7)
  4 orc priests
  2 jellies
  A hound (D:6)
  3 bullfrog skeletons
  Jessica (D:3)
  2 iguanas
  7 orc wizards
  4 worker ants
  2 worker ant zombies
  4 gnolls (D:7)
  8 adders
  A shadow imp (D:7)
  2 oozes
  An adder skeleton (D:7)
  2 worms (D:2)
  6 dart slugs
  3 leopard geckos
  21 orcs
  2 ball pythons
  6 giant cockroaches
  4 hobgoblins
  17 jackals
  35 kobolds
  4 quokkas
  9 bats
  4 frilled lizards
  7 goblins
  A jackal zombie (D:5)
  2 leopard gecko zombies
  10 rats
296 creatures vanquished.

Vanquished Creatures (others)
  2 slaves (D:5)
  An adder skeleton (D:5)
  4 fungi (Lair:2)
  3 plants
10 creatures vanquished.

Grand Total: 306 creatures vanquished

Notes
Turn   | Place    | Note
-------+----------+-------------------------------------------
     0 | D:1      | MenacingMecha the Demonspawn Gladiator began the quest for the Orb.
     0 | D:1      | Reached XP level 1. HP: 16/16 MP: 1/1
   169 | D:1      | Reached skill level 3 in Long Blades
   428 | D:1      | Gained mutation: You have a pair of small antennae on your head. [demonic ancestry]
   428 | D:1      | Reached XP level 2. HP: 17/22 MP: 2/2
  1211 | D:2      | Reached XP level 3. HP: 27/27 MP: 3/3
  1329 | D:2      | Reached skill level 4 in Long Blades
  1667 | D:2      | Found a burning altar of Makhleb.
  1676 | D:2      | Gained mutation: You sometimes gain a little power by taking damage. [demonic ancestry]
  1676 | D:2      | Reached XP level 4. HP: 33/33 MP: 4/4
  2220 | D:3      | Noticed Grinder
  2248 | D:3      | HP: 8/33 [Grinder (1)]
  2273 | D:3      | Killed Grinder
  2273 | D:3      | Reached skill level 6 in Long Blades
  2273 | D:3      | Gained mutation: You have sharp toenails. [demonic ancestry]
  2273 | D:3      | Reached XP level 5. HP: 13/38 MP: 5/5
  2273 | D:3      | Gained mutation: You sometimes gain power by taking damage. [demonic ancestry]
  2273 | D:3      | Reached XP level 6. HP: 15/44 MP: 6/6
  2599 | D:3      | Noticed Jessica
  2606 | D:3      | Killed Jessica
  3847 | D:4      | Found a shattered altar of Ashenzari.
  4011 | D:4      | Reached skill level 7 in Long Blades
  4076 | D:4      | Gained mutation: You have razor-sharp toenails. [demonic ancestry]
  4076 | D:4      | Reached XP level 7. HP: 40/50 MP: 7/7
  4094 | D:4      | Became a worshipper of Ashenzari the Shackled
  4106 | D:5      | Entered Level 5 of the Dungeon
  4240 | D:5      | Reached skill level 1 in Armour
  4259 | D:5      | Found a staircase to the Ecumenical Temple.
  4267 | Temple   | Entered the Ecumenical Temple
  4494 | D:5      | Reached skill level 2 in Armour
  4575 | D:5      | Noticed Prince Ribbit
  4625 | D:5      | Noticed Pikel
  4708 | D:5      | HP: 9/50 [Pikel/whip of flaming (5)]
  4710 | D:5      | Killed Pikel
  4710 | D:5      | Reached skill level 9 in Long Blades
  4710 | D:5      | Gained mutation: You have sharp fingernails. [demonic ancestry]
  4710 | D:5      | Reached XP level 8. HP: 17/56 MP: 8/8
  4925 | D:5      | Upgraded the game from 0.20-a0-1118-g35a2cd3 to 0.20-a0-1122-gb7cbeb9
  4930 | D:5      | Noticed Eustachio
  4952 | D:5      | Killed Eustachio
  5126 | D:5      | Identified the +2 pair of gloves of Sorcery {rElec}
  5373 | D:5      | Found a bloodstained altar of Trog.
  5394 | D:5      | Reached skill level 1 in Short Blades
  5537 | D:5      | Killed Prince Ribbit
  5537 | D:5      | Reached skill level 3 in Short Blades
  5762 | D:6      | Found a blossoming altar of Fedhas.
  5775 | D:6      | Reached skill level 1 in Unarmed Combat
  5815 | D:6      | Reached skill level 2 in Unarmed Combat
  6084 | D:6      | Reached skill level 3 in Unarmed Combat
  6084 | D:6      | Gained mutation: You regenerate a little health from kills. [demonic ancestry]
  6084 | D:6      | Reached XP level 9. HP: 40/60 MP: 9/9
  6344 | D:6      | HP: 14/60 [centaur (4)]
  6588 | D:6      | Found a glowing golden altar of the Shining One.
  6662 | D:6      | Reached skill level 1 in Shields
  7089 | D:7      | Reached skill level 2 in Shields
  7112 | D:7      | Reached skill level 3 in Shields
  7356 | D:7      | Reached skill level 4 in Shields
  7475 | D:7      | Reached skill level 3 in Dodging
  7545 | D:7      | Found a snail-covered altar of Cheibriados.
  7719 | D:7      | Reached * piety under Ashenzari
  7744 | D:7      | Reached skill level 4 in Dodging
  8049 | D:7      | Reached skill level 5 in Dodging
  8206 | D:7      | Reached skill level 3 in Fighting
  8628 | D:8      | Noticed a two-headed ogre
  8818 | D:8      | Reached skill level 4 in Fighting
  8825 | D:8      | Reached XP level 10. HP: 37/72 MP: 10/10
  8840 | D:8      | Reached skill level 5 in Fighting
  8845 | D:8      | Reached skill level 4 in Unarmed Combat
  9063 | D:8      | Found a hazy altar of Hepliaklqana.
  9320 | D:9      | Noticed a skeletal warrior
  9542 | D:8      | Killed a two-headed ogre
  9542 | D:8      | Reached skill level 6 in Unarmed Combat
 10150 | D:7      | Reached skill level 7 in Unarmed Combat
 10741 | D:9      | Reached skill level 8 in Unarmed Combat
 10755 | D:9      | Found a staircase to the Orcish Mines.
 10834 | D:9      | Noticed a skeletal warrior
 10834 | D:9      | Noticed a skeletal warrior
 10921 | D:9      | Found a staircase to the Lair.
 11069 | D:9      | Found a snail-covered altar of Cheibriados.
 11087 | D:9      | Noticed a skeletal warrior
 11161 | Lair:1   | Entered Level 1 of the Lair of Beasts
 11197 | Lair:1   | Found a frozen archway.
 11265 | IceCv    | Entered an ice cave
 11478 | IceCv    | Noticed an ice statue
 11478 | IceCv    | Noticed an ice statue
 11482 | IceCv    | HP: 12/73 [something] (18)]
 11926 | Lair:1   | Reached ** piety under Ashenzari
 12088 | Lair:1   | Gained mutation: You have a pair of antennae on your head. [demonic ancestry]
 12088 | Lair:1   | Reached XP level 11. HP: 68/79 MP: 11/11
 12154 | Lair:1   | Reached skill level 9 in Unarmed Combat
 12215 | Lair:1   | Learned a level 2 spell: Blink
 12951 | Lair:2   | Reached skill level 6 in Dodging
 13429 | Lair:2   | Reached skill level 7 in Dodging
 13648 | Lair:2   | Found a staircase to the Swamp.
 13926 | Lair:2   | Got the cursed ring mail "Xumivus" {Int+2}
 14056 | Lair:2   | Reached skill level 3 in Armour
 14321 | Lair:3   | Reached skill level 6 in Fighting
 14892 | Lair:3   | Reached skill level 7 in Fighting
 15008 | Lair:3   | Noticed Gastronok
 15033 | Lair:3   | HP: 13/83 [Gastronok (18)]
 15038 | Lair:3   | Killed Gastronok
 15038 | Lair:3   | Reached skill level 10 in Unarmed Combat
 15405 | Lair:3   | Reached *** piety under Ashenzari
 15769 | Lair:3   | Found a staircase to the Snake Pit.
 16032 | D:10     | Entered Level 10 of the Dungeon
 16251 | D:10     | Reached skill level 4 in Short Blades
 16265 | D:10     | Reached XP level 12. HP: 78/91 MP: 12/12
 16326 | D:9      | Identified the +7 dagger of the Endless Expanse {freeze, Dex+7} (You found it on level 9 of the Dungeon)
 16354 | D:9      | Reached skill level 5 in Short Blades
 16359 | D:9      | HP: 21/91 [skeletal warrior/short sword[a skeletal warrior] (15)]
 16363 | D:9      | HP: 7/91 [skeletal warrior/enchanted morningstar[a skeletal warrior] (11)]
 16374 | D:9      | HP: 2/91 [skeletal warrior/trident[a skeletal warrior] (17)]
 16375 | D:9      | Slain by a skeletal warrior

Vault maps used:
D:1:      scummos_arrival_star
D:2:      overflow_temple_1_default
D:3:      first_bread, uniq_grinder, uniq_jessica
D:4:      kennysheep_mini, hangedman_glass_teeth
D:5:      bloody_trog, minmay_temple_entry_statues_fountains,
          kennysheep_crisscross, serial_bayou_ford_a, wad_rectangle_vault,
          uniq_prince_ribbit1, uniq_eustachio, uniq_pikel
D:6:      kennysheep_kobold_camp, tso_metal_star, fedhas_altar_3
D:7:      basic_altar, kennysheep_potato
D:8:      nicolae_overflow_crystal_walls, grunt_livestock
D:9:      lair_entry_dummy, orc_0_dummy, lemuel_statue_altar
Temple:   minmay_crystal_spiral_temple
Lair:1:   portal_ice_cave_entry_pillars_2, grunt_megastairs_1
Lair:2:   minmay_swamp_entry_swarm, lemuel_fruit_fields, grunt_megastairs_4
Lair:3:   minmay_snake_entry_guardpost_medium, uniq_gastronok
IceCv:    ice_cave_tombish

Skill      XL: |  1  2  3  4  5  6  7  8  9 10 11 12 |
---------------+-------------------------------------+-----
Long Blades    | 3 4 6 7 9 |  9.7
Armour         | 2 3 |  3.3
Short Blades   | 3 4 5 |  5.4
Unarmed Combat | 3 8 10 | 10.4
Shields        | 4 |  4.0
Dodging        | 5 7 |  7.1
Fighting       | 4 5 7 |  7.0
Throwing       | |  1.7

Action                   |  1- 3 |  4- 6 |  7- 9 | 10-12 || total
-------------------------+-------+-------+-------+-------++-------
Melee: Long sword        |   118 |   121 |    88 |       ||   327
       Kick              |       |       |   129 |   160 ||   289
       Rapier            |       |       |   370 |   497 ||   867
Throw: Throwing net      |       |     3 |     2 |       ||     5
       Tomahawk          |       |     3 |    13 |    95 ||   111
       Javelin           |       |       |       |     7 ||     7
Invok: Curse Item        |       |       |       |     3 ||     3
  Use: Scroll            |     3 |       |     6 |    15 ||    24
       Potion            |       |       |     7 |     5 ||    12
 Stab: Sleeping          |     1 |     3 |       |       ||     4
       Held in net/web   |       |       |     1 |       ||     1
  Eat: Chunk             |     3 |     7 |    13 |    20 ||    43
       Meat ration       |       |       |     1 |       ||     1
       Fruit             |       |       |       |     1 ||     1
       Royal jelly       |       |       |       |     2 ||     2
Armor: Leather armour    |    13 |       |       |       ||    13
       Ring mail         |    32 |    34 |   138 |    84 ||   288
Dodge: Dodged            |    69 |    65 |   221 |   207 ||   562
Block: Buckler           |       |       |    56 |    89 ||   145
       Rpst.: Long sword |    24 |    14 |    17 |       ||    55

Vault maps used:
D:1:      scummos_arrival_star
D:2:      overflow_temple_1_default
D:3:      first_bread, uniq_grinder, uniq_jessica
D:4:      kennysheep_mini, hangedman_glass_teeth
D:5:      bloody_trog, minmay_temple_entry_statues_fountains,
          kennysheep_crisscross, serial_bayou_ford_a, wad_rectangle_vault,
          uniq_prince_ribbit1, uniq_eustachio, uniq_pikel
D:6:      kennysheep_kobold_camp, tso_metal_star, fedhas_altar_3
D:7:      basic_altar, kennysheep_potato
D:8:      nicolae_overflow_crystal_walls, grunt_livestock
D:9:      lair_entry_dummy, orc_0_dummy, lemuel_statue_altar
Temple:   minmay_crystal_spiral_temple
Lair:1:   portal_ice_cave_entry_pillars_2, grunt_megastairs_1
Lair:2:   minmay_swamp_entry_swarm, lemuel_fruit_fields, grunt_megastairs_4
Lair:3:   minmay_snake_entry_guardpost_medium, uniq_gastronok
IceCv:    ice_cave_tombish

Table legend:
 A = Turns spent in this place as a percentage of turns spent in the entire game.
 B = Non-inter-level travel turns spent in this place as a percentage of non-inter-level travel turns spent in the entire game.
 C = Inter-level travel turns spent in this place as a percentage of turns spent in this place.
 D = Turns resting spent in this place as a percentage of non-inter-level travel turns spent in this place.
 E = Turns spent auto-exploring this place as a percentage of non-inter-level travel turns spent in this place.
 F = Non-inter-level travel turns spent in this place divided by the number of levels of this place that you've seen.
                   A       B       C       D       E      F
               +-------+-------+-------+-------+-------+----------------------
         Total | 100.0 | 100.0 |   0.6 |   3.5 |   5.8 | 309.3
       Dungeon |  75.3 |  75.3 |   0.6 |   3.2 |   5.1 | 349.3
        Temple |   1.3 |   1.2 |   1.7 |   0.0 |  15.5 |  58.0
          Lair |  21.6 |  21.6 |   0.6 |   4.4 |   8.2 | 334.3
      Ice Cave |   1.8 |   1.9 |   0.0 |   7.0 |   0.0 |  86.0
               +-------+-------+-------+-------+-------+----------------------

Table legend:
 A = Kills in this place as a percentage of kills in entire the game.
 B = Kills by you in this place as a percentage of kills by you in the entire game.
 C = Kills by friends in this place as a percentage of kills by friends in the entire game.
 D = Other kills in this place as a percentage of other kills in the entire game.
 E = Experience gained in this place as a percentage of experience gained in the entire game.
 F = Experience gained in this place divided by the number of levels of this place that you have seen.
                   A       B       C       D       E      F
               +-------+-------+-------+-------+-------+----------------------
         Total | 100.0 | 100.0 |  -nan |  -nan | 100.0 | 1595.7
       Dungeon |  84.5 |  84.5 |  -nan |  -nan |  56.6 | 1354.6
          Lair |  15.2 |  15.2 |  -nan |  -nan |  42.0 | 3348.0
      Ice Cave |   0.3 |   0.3 |  -nan |  -nan |   1.4 | 346.0
               +-------+-------+-------+-------+-------+----------------------
